 Dungeon Crawl Stone Soup version 0.31.0-9-g3a7656b989 (webtiles) character file.

Game seed: 7499234485447896211

72648 Amplified the Fighter (level 15, -14/139 HPs)
             Began as a Hill Orc Ice Elementalist on Jan 24, 2024.
             Was the Champion of Lugonu.
             Demolished by Agnes
             ... wielding a +0 lajatang
              (21 damage)
             ... on level 14 of the Dungeon on Jan 25, 2024.
             The game lasted 01:09:03 (26905 turns).

Amplified the Fighter (Hill Orc Ice Elementalist)  Turns: 26905, Time: 01:09:10

Health: -14/139    AC: 24    Str: 25    XL:     15   Next: 40%
Magic:  18/28      EV: 13    Int: 15    God:    Lugonu [******]
Gold:   1460       SH:  5    Dex: 11    Spells: 17/33 levels left

rFire   . . .        b - +8 lajatang (flame)
rCold   . . .        (shield currently unavailable)
rNeg    . . .        f - +0 acid dragon scales
rPois   .            i - +2 helmet
rElec   .            (no cloak)
rCorr   +            t - +2 pair of gloves
SInv    .            (no boots)
Will    +....        u - amulet of reflection
Stlth   +            e - +4 ring of protection
HPRegen 0.43/turn    s - +6 ring of strength
MPRegen 0.21/turn

%: reflection
@: ice-armoured, freezing walls
A: no striking features
a: Renounce Religion, Depart the Abyss, Banish, Corrupt, Enter the Abyss, Brand
Weapon With Distortion


You were on level 14 of the Dungeon.
You worshipped Lugonu.
Lugonu was exalted by your worship.
You visited 3 branches of the dungeon, and saw 21 of its levels.
You also visited: Sewer and Bailey.

You collected 2917 gold pieces.
You spent 1457 gold pieces at shops.

Inventory:

Hand Weapons
 b - a +8 lajatang of flaming (weapon)
 C - a +2 trident of draining
Missiles
 k - 43 poisoned darts
 l - 39 boomerangs
 n - 9 curare-tipped darts (quivered)
 q - 9 atropa-tipped darts
 w - 4 datura-tipped darts
Armour
 f - +0 acid dragon scales (worn)
 i - a +2 helmet (worn)
 j - the +2 leather armour of Disguise {rN+ Dex+3}
   (You found it on level 5 of the Lair of Beasts)

   Dex+3:     It affects your dexterity (+3).
   rN+:       It protects you from negative energy.
 t - a +2 pair of gloves (worn)
Magical Staves
 N - the staff "Watol" {rF+ Earth Alchemy}
   (You found it on level 5 of the Lair of Beasts)

   [staff of earth]

   Base accuracy: +5 Base damage: 5 Base attack delay: 1.2 This weapon's minimum
   attack delay (0.6) is reached at skill level 12.
   rF+:       It protects you from fire.
   Earth:     It increases the power of your Earth spells.
   Alchemy:   It increases the power of your Alchemy spells.
   It falls into the 'Staves' category.
   It is a one-handed weapon.
Jewellery
 d - a +6 ring of intelligence
 e - a +4 ring of protection (left hand)
 h - a ring of positive energy
 s - a +6 ring of strength (right hand)
 u - an amulet of reflection (around neck)
 D - a ring of wizardry
 L - a ring of ice
 Q - a ring of positive energy
Talismans
 A - a beast talisman
Wands
 y - a wand of mindburst (2)
 H - a wand of iceblast (16)
 P - a wand of flame (5)
Scrolls
 g - 3 scrolls of revelation
 o - a scroll of fog
 p - 4 scrolls of amnesia
 r - 2 scrolls of brand weapon
 x - 4 scrolls of immolation
 z - 7 scrolls of teleportation
 B - 3 scrolls of vulnerability
 J - a scroll of poison
 K - 5 scrolls of identify
 O - a scroll of butterflies
Potions
 c - 3 potions of might
 m - a potion of attraction
 E - 4 potions of mutation
 G - a potion of ambrosia
 I - 3 potions of enlightenment
 M - 2 potions of cancellation


   Skills:
 * Level 14.3 Fighting
 - Level 6.1(9.7) Polearms
 * Level 9.8(10.4) Staves
 * Level 10.2 Armour
 * Level 4.6 Dodging
 - Level 1.5 Stealth
 * Level 9.6 Spellcasting
 - Level 4.9 Summonings
 * Level 2.4 Fire Magic
 - Level 6.5 Ice Magic
 * Level 1.8 Alchemy
 - Level 14.0 Invocations


You had 17 spell levels left.
You knew the following spells:

 Your Spells              Type           Power      Damage    Failure   Level
a - Freeze                Ice            100%       1d10      1%          1
b - Frozen Ramparts       Ice            54%        1d9       2%          3
c - Ozocubu's Armour      Ice            27%        N/A       2%          3
d - Summon Ice Beast      Ice/Summ       24%        N/A       3%          3
e - Lesser Beckoning      Tloc           14%        N/A       19%         2
f - Sticky Flame          Fire/Alch      13%        2d5       45%         4

Your spell library contained the following spells:

 Spells                   Type           Power      Damage    Failure   Level
 Summon Small Mammal      Summ           88%        N/A       1%          1
 Call Imp                 Summ           44%        N/A       2%          2
 Call Canine Familiar     Summ           22%        N/A       4%          3
 Magic Dart               Conj           28%        1d4       12%         1
 Blink                    Tloc           14%        N/A       19%         2
 Momentum Strike          Conj/Tloc      14%        3d8       19%         2
 Searing Ray              Conj           14%        2d5       19%         2
 Sublimation of Blood     Necr           7%         N/A       19%         2
 Summon Blazeheart Golem  Fire/Summ      18%        N/A       26%         4
 Ignite Poison            Fire/Alch      13%        N/A       45%         4
 Fulminant Prism          Conj/Alch      5%         3d6       63%         4
 Leda's Liquefaction      Alch/Erth      5%         N/A       63%         4
 Animate Dead             Necr           7%         N/A       75%         4
 Vhi's Electric Charge    Tloc/Air       14%        N/A       75%         4
 Arcjolt                  Conj/Air       3%         1d13      97%         5
 Borgnjor's Vile Clutch   Necr/Erth      3%         N/A       97%         5
 Lee's Rapid Deconstruct  Erth           3%         3d5*      97%         5
 Bombard                  Conj/Erth      3%         9d1       100%        6
 Conjure Ball Lightning   Conj/Air       3%         3x3d6     100%        6
 Death Channel            Necr           3%         N/A       100%        6
 Plasma Beam              Fire/Air       5%         2x1d15    100%        6
 Summon Hydra             Summ           11%        N/A       100%        7
 Discord                  Hex            3%         N/A       100%        8
 Disjunction              Tloc           3%         N/A       100%        8
 Ignition                 Fire           7%         3d4       100%        8


Dungeon Overview and Level Annotations

Branches:
Dungeon (14/15)              Lair (5/5) D:11          Swamp (0/4) Lair:2
 Spider (0/4) Lair:2        Slime (0/5) Lair:5          Orc (2/2) D:11
    Elf (0/3) Orc:2         Sewer (visited)          Bailey (visited)
 Temple: D:4-7       Vaults: D:13-14

Altars:
Ashenzari
Cheibriados
Elyvilon
Nemelex Xobeh
Sif Muna
Vehumet
Zin
Jiyva
Lugonu

Shops:
D:7 (   D:8 (   D:14 =   Orc:2 *=:?(

Portals:
Abyss: Lair:5

Annotations:
D:14 Agnes
Abyss:1 Nessos


Message History

Unknown command.
You miss Agnes.
Agnes is heavily wounded.
The wall freezes Agnes.
Agnes hits you with a +0 lajatang.
Unknown command.
Casting: Frozen Ramparts (mildly dangerous; 2% risk of failure)
Confirm with . or Enter, or press ? or * to list all spells.
A chill wind blows around you.
The wall freezes Agnes.
Agnes hits you with a +0 lajatang!
The wall freezes Agnes.
Agnes hits you but does no damage.
Unknown command.
Unknown command.
You slice Agnes!! You burn Agnes.
Agnes is almost dead.
The frozen ramparts melt away.
Agnes closely misses you. Agnes hits you but does no damage.
Unknown command.
You miss Agnes.
Agnes is almost dead.
Your ice beast barely misses Agnes.
Agnes hits you with a +0 lajatang!
Unknown command.
Casting: Summon Ice Beast (mildly dangerous; 3% risk of failure)
Confirm with . or Enter, or press ? or * to list all spells.
Casting: Frozen Ramparts (mildly dangerous; 2% risk of failure)
Press: ? - help, Dir - look around, f - activate The walls around you are covered in ice.
The wall freezes Agnes.
Agnes hits you with a +0 lajatang!!
* * * LOW HITPOINT WARNING * * *
Your ice beast barely misses Agnes.
The wall freezes Agnes.
Agnes hits you with a +0 lajatang!!
* * * LOW HITPOINT WARNING * * *
Unknown command.
Unknown command.
As you read the scroll of fear, it crumbles to dust.
You assume a fearsome visage.
Agnes resists with almost no effort.
The wall freezes Agnes.
Agnes hits you but does no damage.
Your ice beast hits Agnes.
Your ice beast freezes Agnes.
The wall freezes Agnes.
Agnes hits you with a +0 lajatang!!
You die...
Agnes says, "May you follow the Path of Peace in your next life."

#.# $# #.# .#
#.# .# #.# .#
#.# .# #.# .#
#######.######i#
.............@Y#
#######.######.#
#.# .# #[# ∩#
#.# .# #.# .#
#######.# .#
........# <. #
#######># .###


You could see Agnes (ally target) and a friendly ice beast (summoned).

Vanquished Creatures
  Gastronok (Lair:1)
  Fannar (Lair:2)
  An entropy weaver (Lair:3)
  A hydra (D:14)
  7 death yaks (Lair:5)
  A centaur warrior (D:14)
  A boulder beetle (D:13)
  4 two-headed ogres
  A catoblepas (Lair:5)
  2 thrashing horrors (Lair:5)
  4 orc high priests
  2 skysharks
  A swamp dragon (Lair:2)
  4 orc knights
  3 ugly things
  2 deep elf pyromancers
  4 orc sorcerers (Orc:2)
  3 manticores
  5 kobold blastminers
  6 elephants (Lair:5)
  15 cane toads
  3 black mambas
  2 molten gargoyles (Lair:4)
  4 torpor snails
  7 komodo dragons
  An efreet (D:13)
  3 rime drakes
  An unseen horror (D:11)
  Jeremiah (D:8)
  4 kobold demonologists (D:11)
  5 trolls
  3 polar bears
  17 blink frogs
  4 hornets
  11 dream sheep
  2 raiju (Lair:5)
  6 slime creatures
  3 ynoxinuls (Lair:5)
  2 culicivoras (Lair:2)
  A spriggan (shapeshifter) (Lair:5)
  2 spriggans (Lair:5)
  2 shadows
  A wraith (D:12)
  A vampire (D:12)
  A human (D:11)
  5 wyverns
  32 yaks
  3 steam dragons
  7 basilisks
  2 wargs
  Grum (Lair:1)
  3 acid dragons
  22 orc warriors
  17 water moccasins
  3 sky beasts (D:7)
  6 ogres
  4 black bears
  A wolf (shapeshifter) (Lair:5)
  3 centaurs (D:7)
  15 wolves
  A phantom (D:4)
  10 kobold brigands
  16 bullfrogs
  A brain worm (Lair:1)
  A gnoll sergeant (D:11)
  3 scorpions
  13 small abominations (Lair:5)
  10 wights
  21 killer bees
  3 electric eels (Lair:1)
  4 bombardier beetles
  5 lava snakes (Lair:4)
  2 hounds
  17 orc priests
  2 gnoll boudas
  4 jellies
  3 iguanas
  21 orc wizards
  15 gnolls
  10 adders
  3 river rats (Sewer)
  2 shadow imps
  4 white imps
  4 dart slugs
  2 ribbon worms
  70 orcs
  17 ball pythons
  12 endoplasms
  3 giant cockroaches
  10 goblins
  10 hobgoblins
  22 kobolds
  5 quokkas
  5 bats
  A frilled lizard (D:3)
  33 rats
645 creatures vanquished.

Vanquished Creatures (collateral kills)
  A hydra (Lair:5)
  A two-headed ogre (D:9)
  An orc knight (Orc:2)
  A large abomination (Lair:5)
  4 blink frogs (Lair:5)
  A slime creature (D:12)
  2 chaos spawn (Lair:5)
  An orc warrior (Orc:1)
  3 orcs
15 creatures vanquished.

Vanquished Creatures (others)
  A sky beast (D:7)
  An orc priest (Orc:2)
  An orc wizard (Orc:1)
3 creatures vanquished.

Grand Total: 663 creatures vanquished

Notes
Turn   | Place    | Note
-------+----------+-------------------------------------------
     0 | D:1      | Amplified the Hill Orc Ice Elementalist began the quest for
                  | the Orb.
     0 | D:1      | Reached XP level 1. HP: 14/14 MP: 3/3
   102 | D:1      | Reached XP level 2. HP: 21/22 MP: 4/4
   140 | D:1      | Reached skill level 1 in Fighting
   675 | D:1      | Reached XP level 3. HP: 28/28 MP: 5/5
   715 | D:1      | Learned a level 3 spell: Frozen Ramparts
  1036 | D:2      | Found a faded altar of an unknown god.
  1040 | D:2      | Prayed at the altar of an unknown god.
  1040 | D:2      | Became a worshipper of Lugonu the Unformed
  1040 | D:2      | Reached * piety under Lugonu
  1539 | D:2      | Reached skill level 1 in Polearms
  1818 | D:3      | Reached XP level 4. HP: 36/36 MP: 7/7
  1889 | D:3      | Reached skill level 1 in Invocations
  2105 | D:3      | Found a white marble altar of Elyvilon.
  2147 | D:3      | Reached ** piety under Lugonu
  2266 | D:3      | Reached XP level 5. HP: 42/42 MP: 8/8
  2851 | D:4      | Noticed an ogre
  2868 | D:4      | Killed an ogre
  2869 | D:4      | Reached XP level 6. HP: 33/51 MP: 9/9
  3086 | D:4      | Reached XP level 7. HP: 35/58 MP: 11/11
  3178 | D:4      | Learned a level 3 spell: Ozocubu's Armour
  3362 | D:4      | Learned a level 3 spell: Summon Ice Beast
  3432 | D:5      | Entered Level 5 of the Dungeon
  3495 | D:5      | Found a snail-covered altar of Cheibriados.
  3534 | D:5      | Found a glowing drain.
  3538 | Sewer    | Entered a sewer
  3577 | Sewer    | Reached *** piety under Lugonu
  4088 | D:5      | Reached skill level 5 in Ice Magic
  4113 | D:5      | Found a sparkling altar of Nemelex Xobeh.
  4129 | D:5      | Reached **** piety under Lugonu
  4138 | D:5      | Reached XP level 8. HP: 42/67 MP: 3/13
  4281 | D:5      | Reached skill level 5 in Invocations
  4352 | D:5      | Reached skill level 5 in Fighting
  5719 | D:6      | Reached skill level 5 in Polearms
  6075 | D:6      | Reached XP level 9. HP: 62/75 MP: 9/15
  6266 | D:7      | Found a flagged portal.
  6321 | Bailey   | Entered a bailey
  6583 | Bailey   | HP: 1/78 [kobold brigand/+0 war axe (6)]
  6831 | Bailey   | Found an iron altar of Okawaru.
  7067 | D:7      | Found Tept's Antique Weapon Shoppe.
  7076 | D:7      | Reached skill level 1 in Staves
  7076 | D:7      | Reached skill level 1 in Summonings
  7079 | D:7      | Bought a shimmering spear for 240 gold pieces
  7079 | D:7      | Identified the +1 spear of Oweiserph {elec, Dex+4} (You
                  | bought it in a shop on level 7 of the Dungeon)
  7120 | D:7      | Reached XP level 10. HP: 84/86 MP: 17/17
  7160 | D:7      | Reached skill level 5 in Spellcasting
  7509 | D:8      | Noticed Jeremiah
  7620 | D:8      | Found Icahun's Weapon Emporium.
  8139 | D:8      | Reached ***** piety under Lugonu
  8230 | D:8      | Killed Jeremiah
  9102 | D:9      | Noticed a two-headed ogre
  9251 | D:9      | Reached XP level 11. HP: 83/95 MP: 14/19
  9323 | D:9      | Killed a two-headed ogre
  9446 | D:9      | Identified a scroll of acquirement
  9718 | D:10     | Entered Level 10 of the Dungeon
  9895 | D:10     | Found a broken altar of Ashenzari.
  9959 | D:10     | Found a shimmering blue altar of Sif Muna.
 10534 | D:10     | Found a glowing silver altar of Zin.
 10572 | D:11     | Found a staircase to the Lair.
 11016 | D:11     | Noticed a manticore
 11029 | D:11     | Killed a manticore
 11030 | D:11     | Reached skill level 10 in Invocations
 11079 | D:11     | Found a radiant altar of Vehumet.
 11152 | D:11     | Found a staircase to the Orcish Mines.
 11438 | Lair:1   | Entered Level 1 of the Lair of Beasts
 11452 | Lair:1   | Reached skill level 1 in Armour
 11777 | Lair:2   | Noticed Fannar
 11836 | Lair:1   | Noticed Grum
 11843 | Lair:1   | Killed Grum
 11844 | Lair:1   | Reached skill level 5 in Staves
 11877 | Lair:1   | Noticed Gastronok
 11907 | Lair:1   | Killed Gastronok
 11908 | Lair:1   | Reached skill level 10 in Fighting
 12194 | Lair:1   | Reached XP level 12. HP: 79/106 MP: 15/22
 12730 | Lair:1   | Noticed Maggie
 12731 | Lair:1   | Maggie changed into Maggie the brain worm
 12731 | Lair:1   | Noticed Maggie
 12739 | Lair:1   | Killed Maggie the brain worm
 12950 | Lair:2   | Found a hole to the Spider Nest.
 13071 | Lair:2   | Learned a level 2 spell: Lesser Beckoning
 13417 | Lair:2   | Found a staircase to the Swamp.
 13798 | Lair:2   | Killed Fannar
 14386 | Lair:2   | Reached skill level 5 in Armour
 14529 | Lair:3   | Reached ****** piety under Lugonu
 15005 | Lair:3   | Noticed Sonja
 15015 | Lair:3   | Sonja changed into Sonja the entropy weaver
 15015 | Lair:3   | Noticed Sonja
 15034 | Lair:3   | Killed Sonja the entropy weaver
 15325 | Lair:3   | Reached XP level 13. HP: 114/116 MP: 24/24
 17169 | Orc:1    | Entered Level 1 of the Orcish Mines
 17477 | Orc:2    | Entered Level 2 of the Orcish Mines
 17804 | D:12     | Noticed Nessos
 19150 | Lair:5   | Entered Level 5 of the Lair of Beasts
 19495 | Lair:5   | Reached XP level 14. HP: 118/127 MP: 13/26
 19917 | Lair:5   | Found a staircase to the Slime Pits.
 19917 | Lair:5   | Found a viscous altar of Jiyva.
 22214 | Lair:5   | Found a corrupted altar of Lugonu.
 22214 | Lair:5   | Found a one-way gate to the infinite horrors of the Abyss.
 22236 | Lair:5   | Identified the +2 leather armour of Disguise {rN+ Dex+3}
 22239 | Lair:5   | Identified the staff "Watol" {rF+ Earth Alchemy}
 23095 | Orc:2    | Found Cecvyrag's Weapon Boutique.
 23098 | Orc:2    | Found a staircase to the Elven Halls.
 23798 | Orc:2    | Reached XP level 15. HP: 138/138 MP: 16/28
 24039 | Orc:2    | Found Zaidil's Magic Scroll Boutique.
 24039 | Orc:2    | Found Veav Buts's Book Shoppe.
 24041 | Orc:2    | Found Rusuatai's Jewellery Boutique.
 24041 | Orc:2    | Found Geqes's General Store.
 24052 | Orc:2    | Bought a scroll of teleportation for 48 gold pieces
 24052 | Orc:2    | Bought a scroll of teleportation for 48 gold pieces
 24052 | Orc:2    | Bought a scroll of teleportation for 48 gold pieces
 24052 | Orc:2    | Bought a scroll of teleportation for 48 gold pieces
 24052 | Orc:2    | Bought a scroll of fog for 64 gold pieces
 24052 | Orc:2    | Bought a scroll of fear for 64 gold pieces
 24052 | Orc:2    | Bought a scroll of butterflies for 64 gold pieces
 24055 | Orc:2    | Bought a scroll of enchant weapon for 97 gold pieces
 24056 | Orc:2    | Bought a scroll of fog for 52 gold pieces
 24058 | Orc:2    | Bought an Everburning Encyclopedia for 684 gold pieces
 24063 | Orc:2    | Learned a level 4 spell: Sticky Flame
 24455 | Orc:2    | Acquired 724 gold pieces
 24536 | Orc:1    | Reached skill level 10 in Armour
 24546 | Orc:1    | Reached skill level 1 in Fire Magic
 25135 | D:12     | Reached skill level 1 in Alchemy
 25794 | D:12     | Banished Nessos
 26892 | D:14     | Found Nueliapemos's Jewellery Shoppe.
 26892 | D:14     | Noticed Agnes
 26904 | D:14     | HP: 6/139 [Agnes/+0 lajatang (30)]
 26905 | D:14     | Demolished by Agnes

Illustrated notes

Levels and vault maps discovered:
D:1:      dpeg_arrival_refuge, layout_loops_ring
D:2:      layout_basic, shapermc_ecumenical_altar_acropolis,
          minmay_misc_feat_hallway, grunt_decor_mini_mirrors,
          guppyfry_early_orc_mine
D:3:      minmay_evil_eye, layout_basic, lemuel_crystal_altar,
          minmay_misc_feat_four_crosses
D:4:      layout_basic
D:5:      layout_rooms, old_standard_altar, slow_altar_1, portal_sewer_entry_e
D:6:      layout_loops_corners, minmay_temple_entry_from_below_a, kennysheep_nub
D:7:      layout_basic, serial_shops, nicolae_shop_crystal, enter_bailey_3,
          hangedman_misty_isle
D:8:      layout_loops_ring, grunt_ministairs_15, abandoned_shop, hex_medium,
          nicolae_inconvenience_store, uniq_jeremiah
D:9:      layout_loops_ring
D:10:     layout_gridville, zin_statuary, kennysheep_mini,
          cheibrodos_ashenzari_chains
D:11:     layout_gridville, lair_entry_dummy, erik_orc_4, grunt_ministairs_10,
          nicolae_vehumet_altar_sigil
D:12:     layout_basic, serial_curves, eino_curves_01, eino_curves_02,
          uniq_nessos
D:13:     layout_basic, grunt_vaults_entry_fortified, nicolae_water_bricks,
          corexii_leaking_fountain
D:14:     layout_small_grid, chequers_arboretum, serial_shops, shop_statue,
          nicolae_square_shop, shop, nicolae_shop_overgrown_old_shop, uniq_agnes
Lair:1:   layout_cave_pods, serial_bayou_ford_a, serial_bayou_lake_a,
          infiniplex_staircase_pool_2, uniq_gastronok, uniq_grum, uniq_maggie
Lair:2:   layout_roguey, mainiacjoe_swamp_entry_lozenge_pond,
          hellmonk_spider_entry_life_and_decay, uniq_fannar
Lair:3:   layout_cave_pods, cheibrodos_lair_caveside_slide, st_stairs_7,
          grunt_megastairs_1, uniq_sonja
Lair:4:   cheibrodos_magma_flow, layout_cave_shapes
Lair:5:   hellmonk_lair_end_abyssal_woods, layout_regular_city,
          nicolae_slime_entry_slimehenge
Orc:1:    layout_diamond_mine
Orc:2:    grunt_orc_tribal_feast, layout_diamond_mine, serial_shops,
          nicolae_shop_tiny_waterfront

Skill      XL: |  1  2  3  4  5  6  7  8  9 10 11 12 13 14 15 |
---------------+----------------------------------------------+-----
Fighting       | 1 2 3 4 5 7 8 10 11 12 14 | 14.3
Spellcasting   | 2 3 4 5 6 7 8 9 |  9.6
Ice Magic      | 4 5 6 |  6.5
Polearms       | 1 2 3 5 6 |  6.1
Invocations    | 1 2 3 4 6 7 9 10 12 13 14 | 14.0
Staves         | 1 3 5 6 8 9 |  9.8
Summonings     | 1 4 |  4.9
Armour         | 3 6 8 9 10 | 10.2
Dodging        | 4 |  4.6
Fire Magic     | 2 |  2.4
Alchemy        | 1 |  1.8
Stealth        | |  1.5

Action                     |  1- 3 |  4- 6 |  7- 9 | 10-12 | 13-15 || total
---------------------------+-------+-------+-------+-------+-------++-------
  Melee: Dagger            |     6 |       |       |       |       ||     6
         Unarmed           |     2 |       |       |       |       ||     2
         Spear             |    77 |       |       |       |       ||    77
         Punch             |     1 |     1 |       |       |       ||     2
         Trident           |    72 |    53 |       |       |       ||   125
         Halberd           |       |    69 |   324 |       |       ||   393
         Lajatang          |       |       |    19 |   486 |   822 ||  1327
  Throw: Dart              |     2 |     9 |       |    13 |    11 ||    35
   Cast: Freeze            |     7 |       |       |       |       ||     7
         Frozen Ramparts   |       |       |    33 |    73 |    74 ||   180
         Ozocubu's Armour  |       |       |    27 |    75 |    78 ||   180
         Summon Ice Beast  |       |       |       |     2 |    27 ||    29
         Lesser Beckoning  |       |       |       |     1 |    15 ||    16
 Invoke: Banish            |       |       |     1 |       |     1 ||     2
  Evoke: Wand              |       |       |       |    17 |    21 ||    38
    Use: Scroll            |     3 |     4 |    13 |    15 |    12 ||    47
         Potion            |       |     2 |     7 |     7 |     7 ||    23
   Stab: Sleeping          |     3 |     2 |     1 |     2 |     3 ||    11
         Distracted        |       |     1 |     1 |       |     2 ||     4
         Paralysed         |       |       |       |       |     1 ||     1
 Armour: Robe              |    82 |    71 |   316 |    42 |       ||   511
         Steam dragon scal |       |       |       |   487 |   734 ||  1221
         Acid dragon scale |       |       |       |       |    17 ||    17
  Dodge: Dodged            |    90 |    83 |   347 |   327 |   463 ||  1310
  Block: Other             |       |       |       |    57 |   173 ||   230
         Reflection        |       |       |       |       |    15 ||    15
